 Dungeon Crawl Stone Soup version 0.24.0-13-gcf9b319 (webtiles) character file.

Game seed: 4554615309020880091, levelgen mode: deterministic

1286 shmeve the Skirmisher (level 8, -5/73 HPs)
             Began as a Minotaur Berserker on Apr 10, 2020.
             Was a Priest of Trog.
             Slain by a hornet (8 damage)
             ... on level 5 of the Dungeon.
             The game lasted 00:06:08 (3863 turns).

shmeve the Skirmisher (Minotaur Berserker)          Turns: 3863, Time: 00:06:09

Health: -5/73      AC:  9    Str: 23    XL:     8   Next: 30%
Magic:  7/7        EV: 10    Int:  5    God:    Trog [***...]
Gold:   334        SH:  0    Dex: 10    Spells: 7/7 levels left

rFire    . . .     SeeInvis .   a - +0 hand axe
rCold    . . .     Gourm    .   (no shield)
rNeg     . . .     Faith    .   r - +0 chain mail
rPois    .         Spirit   .   (helmet restricted)
rElec    .         Reflect  .   (no cloak)
rCorr    .         Harm     .   (no gloves)
MR       ++...                  (no boots)
Stlth    ..........             (no amulet)
HPRegen  1.22/turn              (no ring)
MPRegen  0.10/turn              (no ring)

@: lethally poisoned (-5 -> -5), berserk cooldown, very slightly contaminated,
regenerating, slowed, very slow
A: retaliatory headbutt, horns 2
a: Berserk, Trog's Hand, Renounce Religion


You were on level 5 of the Dungeon.
You worshipped Trog.
Trog was most pleased with you.
You were very hungry.

You visited 1 branch of the dungeon, and saw 5 of its levels.
You also visited: Sewer.

You collected 334 gold pieces.

Inventory:

Hand Weapons
 a - a +0 hand axe (weapon)
Armour
 r - a +0 chain mail (worn)
Jewellery
 f - an uncursed ring of protection from fire {unknown}
Wands
 w - a wand of flame (15)
 z - a wand of polymorph (6)
Scrolls
 b - 2 scrolls of enchant weapon {unknown}
 d - 6 scrolls of teleportation {unknown}
 e - a scroll of noise {unknown}
 l - a scroll of magic mapping {unknown}
 m - 2 scrolls of remove curse {unknown}
 p - a scroll of fear {unknown}
 q - 2 scrolls of blinking
 t - 2 scrolls of enchant armour {unknown}
 u - a scroll of identify {unknown}
 v - 4 scrolls of random uselessness {unknown}
 y - a scroll of silence {unknown}
Potions
 g - 4 potions of flight {unknown}
 h - 2 potions of berserk rage {unknown}
 i - 2 potions of degeneration {unknown}
 j - a potion of might {unknown}
 n - 2 potions of heal wounds {unknown}
 o - 3 potions of haste {unknown}
 s - 8 potions of curing {unknown}
 x - a potion of magic {unknown}
Comestibles
 c - 6 rations
 k - 3 chunks of flesh


   Skills:
 * Level 7.4 Fighting
 * Level 7.3 Axes
 + Level 3.4 Throwing
 + Level 5.1 Armour
 + Level 4.7 Dodging


You had 7 spell levels left.
You didn't know any spells.
Your spell library was empty.

Dungeon Overview and Level Annotations

Branches:
Dungeon (5/15)              Sewer (visited)
 Temple: D:4-7

Altars:
Elyvilon
Fedhas
Qazlal
Vehumet
Yredelemnul

Annotations:
D:5 1 transporter


Innate Abilities, Weirdness & Mutations

You reflexively headbutt those who attack you in melee.
You have a pair of horns on your head.


Message History

The hornet is moderately wounded.
You feel sick. The hornet barely misses you.
The hornet stings you but does no damage.
You slash the hornet!
You headbutt the hornet, but do no damage.
The hornet is heavily wounded.
You feel sick.
The hornet stings you but does no damage. x2
Unknown command.
You barely miss the hornet.
The hornet is heavily wounded.
The hornet stings you.
* * * LOW HITPOINT WARNING * * *
You suddenly lose the ability to move!
The hornet stings you but does no damage.
You can move again.
You barely miss the hornet. Your headbutt misses the hornet.
The hornet is heavily wounded.
You feel sick. The hornet stings you!
You die...

### ...©... # #.. ####### ?. #.#
# ####..©..##### #.# #.
#...#...#..!# ##.# #..
#..#..###..#..# .#.# #..##
#.#...#.# # ##.####
....#####..#..### ......#
...###.#.#.y§#...#
.###.#######..##@y#..###†.#..#
.##...#...##..###...#.y.#.# ###
.###.##........#####.$©=$## ..
.#.#.#.#........#############....
.#.#.#..#.#...........©.......#.#
.....##.#.##....####......####..#
.###......####..# ##...........#
.# ###...[.....####.......######
.######^>...........).....#


You could see a hornet.

Vanquished Creatures
  The ghost of arcshroob the Ruffian, an amateur DrTm (D:5)
  A phantom (D:4)
  A necrophage (D:5)
  2 ogres
  A crocodile (Sewer)
  6 killer bees (D:5)
  A centaur zombie (D:5)
  A bullfrog skeleton (D:2)
  A hound (D:4)
  2 worker ants (D:4)
  Robin (D:3)
  A worker ant zombie (D:5)
  7 gnolls (D:4)
  6 adders
  A river rat (D:5)
  An ooze (D:5)
  3 worms
  4 dart slugs
  5 orcs
  3 ball pythons
  12 bats
  7 giant cockroaches
  14 goblins
  7 hobgoblins
  3 jackals (D:2)
  2 quokkas
  3 frilled lizards
  A jackal skeleton (D:4)
  4 kobolds
  5 rats
  A spectral orc (D:3)
108 creatures vanquished.

Vanquished Creatures (others)
  A bat (D:2)
1 creature vanquished.

Grand Total: 109 creatures vanquished

Notes
Turn   | Place    | Note
-------+----------+-------------------------------------------
     0 | D:1      | shmeve the Minotaur Berserker began the quest for the Orb.
     0 | D:1      | Reached XP level 1. HP: 19/19 MP: 0/0
   483 | D:1      | Reached XP level 2. HP: 27/27 MP: 1/1
   836 | D:2      | Found a blossoming altar of Fedhas.
   836 | D:2      | Found a stormy altar of Qazlal.
  1043 | D:2      | Reached XP level 3. HP: 28/34 MP: 2/2
  1150 | D:2      | Reached skill level 1 in Throwing
  1150 | D:2      | Reached XP level 4. HP: 32/41 MP: 3/3
  1440 | D:2      | Found a white marble altar of Elyvilon.
  1650 | D:3      | Reached ** piety under Trog
  1759 | D:3      | Noticed Robin
  1769 | D:3      | Killed Robin
  2043 | D:3      | Reached XP level 5. HP: 47/47 MP: 4/4
  2058 | D:3      | Noticed an ogre
  2062 | D:3      | Killed an ogre
  2062 | D:3      | Reached skill level 5 in Fighting
  2062 | D:3      | Reached skill level 5 in Axes
  2405 | D:3      | Found a basalt altar of Yredelemnul.
  2458 | D:4      | Reached XP level 6. HP: 52/56 MP: 5/5
  2663 | D:4      | Found a radiant altar of Vehumet.
  3020 | D:4      | Reached *** piety under Trog
  3131 | D:4      | Reached XP level 7. HP: 62/63 MP: 6/6
  3309 | D:5      | Entered Level 5 of the Dungeon
  3438 | D:5      | Found a glowing drain.
  3440 | D:5      | Found a transporter.
  3487 | Sewer    | Entered a sewer
  3788 | D:5      | Found a transporter.
  3793 | D:5      | Noticed a hornet
  3805 | D:5      | Noticed arcshroob's ghost (amateur DrTm)
  3830 | D:5      | Killed arcshroob's ghost
  3830 | D:5      | Reached XP level 8. HP: 73/73 MP: 7/7
  3841 | D:5      | Reached skill level 5 in Armour
  3852 | D:5      | Paralysed by a hornet for 1 turns
  3858 | D:5      | HP: 3/73 [hornet (5)]
  3862 | D:5      | Paralysed by a hornet for 1 turns
  3863 | D:5      | HP: 3/73 [poisoned by a hornet]
  3863 | D:5      | Slain by a hornet

Levels and vault maps discovered:
D:1:      lightli_arrival_quake, layout_loops_cross, dk_noncrumbling_2
D:2:      layout_loops_ring, grunt_temple_overflow_forces_of_nature,
          elyvilon_altar_4, serial_glass, glass_columns_c, glass_columns_a,
          chequers_serial_rivers_marsh, minmay_misc_feat_encased,
          minmay_tromino_i2
D:3:      layout_loops_ring, yredelemnul_forgotten_temple_becter, first_ration,
          uniq_robin
D:4:      layout_gridville, vehumet_altar_wand_db
D:5:      layout_rooms, gammafunk_ghost_hive, cheibrodos_sewer_entry_sluice,
          grunt_decor_arrowhead, grunt_decor_fettered,
          nicolae_qazlal_style_of_elements

Skill      XL: |  1  2  3  4  5  6  7  8 |
---------------+-------------------------+-----
Fighting       | 4 5 6 7 |  7.4
Axes           | 4 5 6 7 |  7.3
Throwing       | 1 2 3 |  3.4
Armour         | 3 4 5 |  5.1
Dodging        | 3 4 |  4.7

Action                   |  1- 3 |  4- 6 |  7- 9 || total
-------------------------+-------+-------+-------++-------
Melee: Hand axe          |    60 |   124 |    89 ||   273
       Headbutt          |     5 |    17 |    18 ||    40
Invok: Berserk           |       |     3 |     1 ||     4
       Trog's Hand       |       |     1 |     2 ||     3
  Use: Scroll            |       |     1 |     1 ||     2
  Eat: Chunk             |     1 |     9 |     3 ||    13
Armor: Animal skin       |     8 |       |       ||     8
       Chain mail        |     6 |    74 |    70 ||   150
Dodge: Dodged            |    37 |    75 |    67 ||   179
